 Dungeon Crawl Stone Soup version 0.21.1-1-g345015f (webtiles) character file.

47 Labyrinth the Firebug (level 3, -1/26 HPs)
             Began as a Draconian Fire Elementalist on July 24, 2018.
             Slain by a worm (6 damage)
             ... on level 2 of the Dungeon.
             The game lasted 00:05:59 (1125 turns).

Labyrinth the Firebug (Draconian Fire Elementalist) Turns: 1125, Time: 00:06:00

Health: -1/26      AC:  6    Str: 11    XL:     3   Next: 48%
Magic:  0/6        EV: 12    Int: 15    God:
Gold:   88         SH:  0    Dex: 11    Spells: 1/7 levels left

rFire    . . .     SeeInvis .   m - +0 trident
rCold    . . .     Gourm    .   (no shield)
rNeg     . . .     Faith    .   (armour unavailable)
rPois    .         Spirit   .   (helmet restricted)
rElec    .         Reflect  .   (no cloak)
rCorr    .         Harm     .   (no gloves)
MR       .....                  p - +0 pair of boots
Stlth    ++........             (no amulet)
HPRegen  0.08/turn              (no ring)
MPRegen  0.10/turn              (no ring)

@: very slightly contaminated
A: unfitting armour, cold-blooded, AC +5
a: no special abilities


You were on level 2 of the Dungeon.
You were not hungry.

You visited 1 branch of the dungeon, and saw 2 of its levels.

You collected 88 gold pieces.

Inventory:

Hand Weapons
 m - a +0 trident (weapon)
Missiles
 c - 65 stones (quivered)
 d - 18 bolts
Armour
 p - a +0 pair of boots (worn)
Scrolls
 h - a scroll of fog
 j - a scroll of teleportation
 k - a scroll of magic mapping
 l - a scroll of random uselessness {unknown}
 n - a scroll of remove curse {unknown}
Potions
 e - a potion of curing
 g - a potion of invisibility {unknown}
 i - a potion of cancellation
 o - a potion of brilliance {unknown}
Books
 a - a book of Flames

   Spells                             Type                      Level
   a - Flame Tongue                   Conjuration/Fire             1
   b - Throw Flame                    Conjuration/Fire             2
   c - Conjure Flame                  Conjuration/Fire             3
   d - Inner Flame                    Hexes/Fire                   3
   e - Sticky Flame                   Conjuration/Fire             4
   f - Fireball                       Conjuration/Fire             5
Comestibles
 b - 3 rations
 f - 6 chunks of flesh


   Skills:
 + Level 2.0 Dodging
 + Level 2.1 Stealth
 + Level 0.3 Unarmed Combat
 + Level 2.5 Spellcasting
 + Level 1.4 Conjurations
 + Level 3.5 Fire Magic


You had one spell level left.
You knew the following spells:

 Your Spells              Type           Power        Failure   Level  Hunger
a - Flame Tongue          Conj/Fire      #....        8%          1    #......
b - Throw Flame           Conj/Fire      #.....       12%         2    ###....
c - Conjure Flame         Conj/Fire      #.......     22%         3    ###....


Dungeon Overview and Level Annotations

Branches:
Dungeon (2/15)

Altars:


Innate Abilities, Weirdness & Mutations

Your plain brown scales are hard. (AC +5)
You cannot fit into any form of body armour.
You are cold-blooded and may be slowed by cold attacks.


Message History

* * * LOW HITPOINT WARNING * * *
Casting: Flame Tongue
Confirm with . or Enter, or press ? or * to list all spells.
Aiming: Flame Tongue
Press: ? - help, Shift-Dir - straight line, f/p - worm
Aim: a worm (grey smoke, heavily wounded)
The flame tongue hits the worm.
The worm is severely wounded.
You hit the worm.
The worm is severely wounded.
You hit the worm but do no damage.
The worm is severely wounded.
The worm bites you but does no damage.
You hit the worm.
The worm is almost dead.
The worm barely misses you.
You barely miss the worm.
The worm is almost dead.
The worm bites you.
You die...

##########
#§§§w@...#
#§######.####
####### #§#
#.......# #......
#§# #.#####.#
#.##.## #§# #.#
#.####.#.#.# #.#
#.# #.........#.
#.# #.#
##.#......... #.#
#<####..#.##.##.##
#.#
#............##.#


You could see a worm.

Vanquished Creatures
  4 dart slugs
  2 giant cockroaches (D:1)
  3 goblins (D:1)
  2 hobgoblins
  10 jackals
  A kobold (D:1)
  A ball python (D:1)
  7 bats
  A frilled lizard (D:1)
  5 rats
36 creatures vanquished.

Notes
Turn   | Place    | Note
-------+----------+-------------------------------------------
     0 | D:1      | Labyrinth the Draconian Fire Elementalist began the quest for the Orb.
     0 | D:1      | Reached XP level 1. HP: 14/14 MP: 3/3
   196 | D:1      | Reached XP level 2. HP: 20/20 MP: 1/5
   283 | D:1      | Learned a level 2 spell: Throw Flame
   613 | D:1      | Reached XP level 3. HP: 26/26 MP: 4/6
   618 | D:1      | Learned a level 3 spell: Conjure Flame
  1125 | D:2      | Slain by a worm

Skill      XL: |  1  2 |
---------------+-------+-----
Stealth        | 2 |  2.1
Dodging        | 2 |  2.0
Unarmed Combat | |  0.3
Spellcasting   | |  2.5
Conjurations   | |  1.4
Fire Magic     | |  3.5

Action                   || total
-------------------------++-------
Melee: Unarmed           ||     9
       Tailslap          ||     2
       Short sword       ||    13
       Trident           ||    13
 Cast: Flame Tongue      ||    57
       Throw Flame       ||     2
  Use: Scroll            ||     5
       Potion            ||     1
  Eat: Chunk             ||     2
Armor: Skin              ||    24
Dodge: Dodged            ||    31
